 Dungeon Sprint DCSS version 0.16-a0-3540-gcd4db26 (webtiles) character file.

4650 BluebellGnoll the Frost Mage (level 10, -9/56 HPs)
             Began as an Octopode Ice Elementalist on Jan 9, 2015.
             Was the Champion of Vehumet.
             Mangled by a slime creature (13 damage)
             ... while paralysed by a giant eyeball
             ... in the Dungeon (Sprint V: "Ziggurat Sprint").
             The game lasted 00:17:52 (809 turns).

BluebellGnoll the Frost Mage (OpIE)                  Turns: 809, Time: 00:17:52

Health: -9/56      AC: 10    Str: 23    XL:     10   Next: 43%
Magic:  12/29      EV:  2    Int: 36    God:    Vehumet [******]
Gold:   0          SH:  0    Dex: 24    Spells: 7 memorised, 8 levels left

rFire  + + .     SeeInvis +     K - +14 obsidian axe {chop, +Fly Str+3 SInv Curse} (curse)
rCold  . . .     Clarity  .     J - +18 shield of the gong {rElec rN+ MR+ EV-5}
rNeg   + . .     SustAb   .     (helmet restricted)
rPois  +         Gourm    .     M - amulet of Acunetum {rMut rPois rF++ MR++ Slay+5 Stlth++}
rElec  +         Spirit   .     o - +6 ring of intelligence
rCorr  .         Warding  .     m - +6 ring of dexterity
rMut   +         NoTele   +     n - +6 ring of dexterity
MR     +++..                    p - +6 ring of intelligence
Stlth  +++++++...               q - +6 ring of strength
                                r - +6 ring of strength
                                T - ring of stealth
                                U - +3 ring of intelligence

@: paralysed, icy armour, mesmerised, extremely resistant to hostile
enchantments, extremely stealthy
A: almost no armour, amphibious, 8 rings, constrict 8, camouflage 1, gelatinous
body 1
a: Renounce Religion, Evoke Flight


You were in the Dungeon.
You worshipped Vehumet.
Vehumet was exalted by your worship.
You were not hungry.

You visited 1 branch

Inventory:

Hand weapons
 b - the +2 rapier "Dopyme" {pierce, +Fly rPois rC++ MR++ Dex+1}
   (You found it in the Dungeon)

   It inflicts extra damage upon your enemies.
   It affects your dexterity (+1).
   It greatly protects you from cold.
   It protects you from poison.
   It affects your resistance to hostile enchantments.
   It lets you fly.
 K - the cursed +14 obsidian axe (weapon) {chop, +Fly Str+3 SInv Curse}
   (You found it in the Dungeon)

   It inflicts extra damage upon your enemies.
   It affects your strength (+3).
   It enhances your eyesight.
   It lets you fly.
   It may recurse itself when equipped.
   It has a curse placed upon it.
Missiles
 G - 2 throwing nets (quivered)
Armour
 J - the +18 shield of the gong (worn) {rElec rN+ MR+ EV-5}
   (You found it in the Dungeon)

   It affects your evasion (-5).
   It insulates you from electricity.
   It protects you from negative energy.
   It affects your resistance to hostile enchantments.
Magical staves
 L - an uncursed staff of energy
Rods
 N - a +2 rod of ignition (13/13)
   (You took it off a deep elf mage in the Dungeon)
Jewellery
 m - a +6 ring of dexterity (right tentacle)
 n - a +6 ring of dexterity (on tentacle)
 o - a +6 ring of intelligence (left tentacle)
 p - a +6 ring of intelligence (on tentacle)
 q - a +6 ring of strength (on tentacle)
 r - a +6 ring of strength (on tentacle)
 M - the amulet of Acunetum (around mantle) {rMut rPois rF++ MR++ Slay+5 Stlth++}
   (You took it off a deep elf conjurer in the Dungeon)

   [amulet of resist mutation]

   It protects you from mutation.
   It affects your accuracy and damage with ranged weapons and melee attacks
   (+5).
   It greatly protects you from fire.
   It protects you from poison.
   It affects your resistance to hostile enchantments.
   It makes you much more stealthy.
 R - an uncursed ring of fire
 T - a ring of stealth (on tentacle)
 U - a +3 ring of intelligence (on tentacle)
Magical devices
 a - a wand of disintegration (7)
 j - a wand of fire (6)
 k - a wand of cold (5)
 l - a wand of draining (0)
Scrolls
 i - 4 scrolls of blinking
 v - 4 scrolls of amnesia
 w - 2 scrolls of recharging
 x - 7 scrolls of fog
 y - a scroll of holy word
 z - 5 scrolls of identify
 A - 5 scrolls of remove curse
 B - 2 scrolls of fear
Potions
 d - 10 potions of curing
 e - 9 potions of heal wounds
 f - 3 potions of haste
 g - 7 potions of magic
 h - 3 potions of berserk rage
 C - 2 potions of brilliance
 D - 2 potions of invisibility
 E - 2 potions of restore abilities
 F - 4 potions of resistance
 H - 3 potions of agility
 I - 3 potions of might
Miscellaneous
 s - a disc of storms
 O - a lamp of fire
 P - a lantern of shadows
 S - a fan of gales
 V - an ornate deck of war
Comestibles
 c - 5 bread rations
 t - 42 fruits
 u - 4 meat rations


   Skills:
 - Level 12.2 Dodging
 - Level 2.6 Stealth
 - Level 7.3 Shields
 + Level 10.9 Spellcasting
 - Level 5.3 Conjurations
 * Level 0.4 Hexes
 - Level 5.0 Summonings
 - Level 12.6 Ice Magic
 - Level 8.1 Evocations


You had 8 spell levels left.
You knew the following spells:

 Your Spells              Type           Power        Failure   Level  Hunger
a - Freeze                Ice            ####         1%          1    None
b - Throw Frost           Conj/Ice       ######       1%          2    None
c - Ozocubu's Armour      Chrm/Ice       ######..     1%          3    None
d - Summon Ice Beast      Ice/Summ       ######..     1%          4    None
e - Throw Icicle          Conj/Ice       ######..     1%          4    None
f - Summon Mana Viper     Hex/Summ       #####...     41%         5    #......
g - Mephitic Cloud        Conj/Pois/Air  ####....     1%          3    None


Dungeon Overview and Level Annotations

Branches:
Dungeon (1/1)

Altars:
Ashenzari
Cheibriados
Dithmenos
Elyvilon
Fedhas
Gozag
Kikubaaqudgha
Makhleb
Nemelex Xobeh
Okawaru
Qazlal
Ru
Sif Muna
Trog
Vehumet
Xom
Yredelemnul
Zin
The Shining One
Beogh
Jiyva
Lugonu


Innate Abilities, Weirdness & Mutations

You cannot wear most types of armour.
You are amphibious.
You can wear up to eight rings at the same time.
You can use your tentacles to constrict many enemies at once.
Your skin changes colour to match your surroundings (Stealth).
Your rubbery body absorbs attacks (AC +1).


Message History

You resist with almost no effort. The eye of draining gazes at you.
You feel your power leaking away. The slime creature hits you!
* * * LOW HITPOINT WARNING * * *
The slime creature hits you.
* * * LOW HITPOINT WARNING * * *
The jelly jiggles.
The jelly hits you but does no damage.
The smoke demon hits you but does no damage. x2
The smoke demon hits you.
* * * LOW HITPOINT WARNING * * *
Visions of slaying the golden eye flood into your mind.
The golden eye blinks at you. You resist with almost no effort.
The shining eye gazes at you.
Strange energies course through your body.
You feel odd for a moment. The jelly barely misses you.
The slime creature hits you!
You die...

▓.........▓.......▓
▓.▓.....▓.▓.▓...▓.▓
▓.........▓.......▓
▓▓▓▓▓▓▓▓▓▓▓▓▓▓▓▓▓▓▓
▓...8©8...▓
▓..):)=)..▓
▓....).:..▓
▓.GGJG....▓
▓..@JJ....▓
▓.G3J.....▓
▓.........▓
▓.▓.....▓.▓
▓.........▓
▓▓▓▓▓▓▓▓▓▓▓


You could see 2 slime creatures, a shining eye, an eye of draining, a smoke
demon, an ooze, a jelly, a giant eyeball and a golden eye.

Vanquished Creatures
  An orc sorcerer (D)
  A mana viper (shapeshifter) (D)
  A deep elf conjurer (D)
  A shining eye (D)
  A smoke demon (D)
  2 trolls (D)
  4 merfolk (D)
  A basilisk (D)
  A deep elf mage (D)
  4 wolves (D)
  6 ogres (D)
  An eye of draining (D)
  2 jellies (D)
  An orc wizard (D)
  2 orc priests (D)
  2 giant eyeballs (D)
  An adder skeleton (D)
  An adder zombie (D)
  6 oozes (D)
  2 orcs (D)
  A quokka (D)
42 creatures vanquished.

Vanquished Creatures (collateral kills)
  A slime creature (D)
  A yak (D)
  An ogre (D)
  A jelly (D)
  An ooze (D)
5 creatures vanquished.

Vanquished Creatures (others)
  2 ice beasts (D)
2 creatures vanquished.

Grand Total: 49 creatures vanquished

Notes
Turn   | Place    | Note
--------------------------------------------------------------
     0 | D        | BluebellGnoll, the Octopode Ice Elementalist, began the quest for the Orb.
     0 | D        | Reached XP level 1. HP: 11/11 MP: 3/3
     0 | D        | Found a viscous altar of Jiyva.
     0 | D        | Found a corrupted altar of Lugonu.
     0 | D        | Found a white marble altar of Elyvilon.
     2 | D        | Found a sparkling altar of Nemelex Xobeh.
     2 | D        | Found a burning altar of Makhleb.
     2 | D        | Found a deep blue altar of Sif Muna.
     3 | D        | Found a bloodstained altar of Trog.
     6 | D        | Found an iron altar of Okawaru.
    17 | D        | Found a radiant altar of Vehumet.
    18 | D        | Found a basalt altar of Yredelemnul.
    31 | D        | Found a shimmering altar of Xom.
    53 | D        | Became a worshipper of Vehumet
    72 | D        | Reached skill level 7 in Shields
    72 | D        | Reached XP level 2. HP: 17/17 MP: 4/4
    76 | D        | Learned a level 2 spell: Throw Frost
    81 | D        | Entered arena 1.
    88 | D        | Entered arena 2.
    88 | D        | Noticed an ogre
    88 | D        | Noticed an ogre
    88 | D        | Noticed an ogre
    92 | D        | Killed an ogre
    92 | D        | Acquired Vehumet's first power
    92 | D        | Offered knowledge of Sting by Vehumet.
    92 | D        | Reached XP level 3. HP: 21/21 MP: 5/9
    92 | D        | Reached XP level 4. HP: 27/27 MP: 6/11
    96 | D        | Killed an ogre
    96 | D        | Reached skill level 5 in Spellcasting
    96 | D        | Reached XP level 5. HP: 31/31 MP: 4/16
    97 | D        | Killed an ogre
    97 | D        | Reached skill level 8 in Ice Magic
    97 | D        | Reached XP level 6. HP: 36/36 MP: 6/19
   108 | D        | Entered arena 3.
   108 | D        | Noticed a merfolk
   108 | D        | Noticed a merfolk
   108 | D        | Noticed a merfolk
   108 | D        | Noticed a merfolk
   115 | D        | Killed a merfolk
   115 | D        | Reached skill level 10 in Ice Magic
   115 | D        | Reached XP level 7. HP: 41/41 MP: 10/22
   117 | D        | Killed a merfolk
   117 | D        | Reached skill level 11 in Ice Magic
   120 | D        | Killed a merfolk
   120 | D        | Reached skill level 12 in Ice Magic
   120 | D        | Reached XP level 8. HP: 17/46 MP: 20/25
   120 | D        | Killed a merfolk
   120 | D        | Acquired Vehumet's second power
   136 | D        | Learned a level 3 spell: Ozocubu's Armour
   141 | D        | Learned a level 4 spell: Throw Icicle
   146 | D        | Learned a level 4 spell: Summon Ice Beast
   323 | D        | Entered arena 4.
   323 | D        | Noticed a deep elf mage
   323 | D        | Noticed an orc sorcerer
   323 | D        | Noticed a tarantella
   323 | D        | Noticed a deep elf conjurer
   323 | D        | Noticed a mana viper
   323 | D        | a tarantella changed into a mana viper
   329 | D        | Killed an orc sorcerer
   329 | D        | Offered knowledge of Searing Ray by Vehumet.
   331 | D        | Killed a mana viper
   331 | D        | Reached XP level 9. HP: 33/51 MP: 12/27
   332 | D        | Killed a deep elf conjurer
   333 | D        | Killed a deep elf mage
   333 | D        | Acquired Vehumet's third power
   335 | D        | Got the amulet of Acunetum {rMut rPois rF++ MR++ Slay+5 Stlth++}
   349 | D        | Entered arena 5.
   349 | D        | Noticed an orc wizard
   349 | D        | Noticed an orc priest
   349 | D        | Noticed an orc priest
   353 | D        | Killed an orc priest
   353 | D        | Killed an orc priest
   356 | D        | Killed an orc wizard
   365 | D        | Identified the Disquisition on Contamination (You found it in the Dungeon)
   369 | D        | Entered arena 6.
   369 | D        | Noticed a troll
   369 | D        | Noticed an ogre
   369 | D        | Noticed an ogre
   369 | D        | Noticed an ogre
   369 | D        | Noticed a troll
   369 | D        | Noticed an ogre
   373 | D        | Killed an ogre
   373 | D        | Reached skill level 1 in Evocations
   374 | D        | Killed a troll
   374 | D        | Reached skill level 5 in Evocations
   375 | D        | Killed a troll
   376 | D        | Killed an ogre
   378 | D        | Killed an ogre
   379 | D        | Killed an ogre
   379 | D        | Reached XP level 10. HP: 56/56 MP: 3/28
   387 | D        | Got the ring of Yffiru {rPois Str+1 Int-5 Dex+3}
   390 | D        | Identified Sif Muna's Almanac of Toxic Creation (You found it in the Dungeon)
   399 | D        | Learned a level 3 spell: Mephitic Cloud
   499 | D        | Entered arena 7.
   499 | D        | Noticed a shining eye
   503 | D        | Offered knowledge of Throw Flame by Vehumet.
   503 | D        | Noticed a smoke demon
   505 | D        | Killed a shining eye
   505 | D        | Reached skill level 10 in Spellcasting
   507 | D        | Killed a smoke demon
   507 | D        | Paralysed by a giant eyeball for 2 turns
   522 | D        | Entered arena 8.
   522 | D        | Noticed a yak
   522 | D        | Noticed a wolf
   522 | D        | Noticed a wolf
   522 | D        | Noticed a basilisk
   522 | D        | Noticed a wolf
   524 | D        | Killed a wolf
   525 | D        | Noticed a wolf
   526 | D        | Killed a wolf
   528 | D        | Killed a wolf
   529 | D        | Killed a wolf
   529 | D        | Killed a yak
   538 | D        | Killed a basilisk
   556 | D        | Entered arena 9.
   556 | D        | Noticed an eye of draining
   556 | D        | Noticed a jelly
   556 | D        | Noticed a slime creature
   556 | D        | Noticed a jelly
   559 | D        | Killed an eye of draining
   562 | D        | Killed a jelly
   562 | D        | Reached skill level 5 in Conjurations
   565 | D        | Killed a slime creature
   566 | D        | Killed a jelly
   566 | D        | Paralysed by a giant eyeball for 3 turns
   570 | D        | Reached skill level 5 in Summonings
   592 | D        | Learned a level 5 spell: Summon Mana Viper
   798 | D        | Got the +2 rapier "Dopyme" {pierce, +Fly rPois rC++ MR++ Dex+1}
   801 | D        | Entered arena 10.
   801 | D        | Noticed a slime creature
   801 | D        | Noticed a shining eye
   801 | D        | Noticed an eye of draining
   801 | D        | Noticed a golden eye
   801 | D        | Noticed a jelly
   801 | D        | Noticed a slime creature
   801 | D        | Noticed a jelly
   805 | D        | Killed a jelly
   805 | D        | Offered knowledge of Airstrike by Vehumet.
   807 | D        | Noticed a smoke demon
   807 | D        | Paralysed by a giant eyeball for 4 turns
   809 | D        | Mangled by a slime creature

Action                   |  1- 3 |  4- 6 |  7- 9 | 10-12 || total
-------------------------+-------+-------+-------+-------++-------
Melee: Broad axe         |     2 |     3 |    15 |    18 ||    38
 Cast: Throw Frost       |       |     1 |     2 |       ||     3
       Throw Icicle      |       |       |     7 |     5 ||    12
       Summon Ice Beast  |       |       |     2 |     2 ||     4
       Ozocubu's Armour  |       |       |       |     2 ||     2
       Mephitic Cloud    |       |       |       |     1 ||     1
Evoke: Wand              |     2 |     8 |     2 |       ||    12
  Use: Potion            |     2 |       |     4 |     3 ||     9
       Scroll            |       |       |     1 |       ||     1
 Stab: Sleeping          |     1 |       |     2 |       ||     3
       Confused          |       |       |       |     1 ||     1
